Map: Romanticide LE

Players

SKillous

  • Race: Protoss Protoss
  • League: Grandmaster
  • Spawn Location: 11:00

HeroMarine - Winner!

  • Race: Terran Terran
  • League: Grandmaster
  • Spawn Location: 5:00

Event: DreamHack SC2 Masters 2020 Winter

VOD

Have the link to the VOD?

Description

Time

  • Played on: Nov. 1, 2020, 12:27 p.m.
  • Length: 12:04

All games in this series

Show
View Real Time Build Order
Export as new Build Order

SKillous Protoss 

Build Orders: 1 Gate Expand, Oracle Opening, Phoenix Opening 

Get SALT Encoding   

  12  0:00  Probe  
  13  0:12  Probe  
  14  0:19  Pylon  
  14  0:24  Probe (Chrono Boost)  
  15  0:38  Gateway, Probe (Chrono Boost)  
  16  0:45  Probe (Chrono Boost)  
  16  0:46  Assimilator  
  17  0:52  Probe  
  18  1:04  Probe  
  19  1:16  Probe  
  20  1:25  Cybernetics Core  
  20  1:33  Nexus  
  20  1:35  Probe  
  21  1:42  Pylon  
  21  1:51  Assimilator, Probe  
  22  1:58  Adept (Chrono Boost)  
  22  2:04  Probe  
  22  2:07  Pylon  
  25  2:17  Probe  
  26  2:22  Stalker  
  26  2:27  Stargate  
  28  2:32  Probe (Chrono Boost)  
  29  2:43  Warp Gate, Probe (Chrono Boost)  
  30  2:47  Probe (Chrono Boost)  
  32  2:53  Probe (Chrono Boost)  
  32  2:54  Probe (Chrono Boost)  
  33  2:59  Probe x2 (Chrono Boost)  
  35  3:08  Oracle (Chrono Boost)  
  35  3:11  Probe x2  
  40  3:17  Gateway  
  40  3:23  Gateway, Probe  
  40  3:25  Probe  
  42  3:35  Probe  
  42  3:37  Probe  
  44  3:42  Phoenix (Chrono Boost)  
  44  3:47  Probe  
  47  3:50  Probe  
  47  3:54  Nexus  
  48  3:59  Pylon, Probe  
  49  4:03  Probe  
  49  4:08  Phoenix (Chrono Boost)  
  52  4:11  Probe  
  52  4:15  Probe  
  52  4:23  Probe  
  50  4:26  Twilight Council  
  50  4:27  Probe  
  50  4:29  Phoenix (Chrono Boost)  
  53  4:35  Probe  
  54  4:39  Probe  
  55  4:46  Pylon  
  55  4:48  Phoenix (Chrono Boost), Probe  
  55  4:51  Shield Battery  
  55  4:52  Probe  
  59  5:00  Probe  
  59  5:04  Charge, Probe  
  61  5:11  Shield Battery, Probe  
  61  5:12  Gateway, Probe  
  61  5:13  Gateway  
  63  5:14  Phoenix (Chrono Boost)  
  63  5:15  Gateway  
  63  5:16  Probe  
  66  5:23  Probe  
  66  5:24  Probe  
  66  5:28  Pylon, Probe  
  69  5:34  Gateway x2  
  69  5:35  Probe  
  70  5:36  Probe  
  70  5:37  Phoenix (Chrono Boost)  
  70  5:40  Probe  
  70  5:42  Pylon  
  74  5:47  Probe  
  75  5:51  Probe  
  75  5:53  Probe  
  75  5:54  Gateway  
  75  5:55  Assimilator  
  77  5:57  Assimilator  
  77  5:59  Assimilator  
  77  6:00  Assimilator  
  77  6:01  Phoenix  
  77  6:03  Pylon  
  81  6:08  Forge  
  82  6:17  Zealot x3  
  82  6:18  Zealot x3  
  92  6:26  Phoenix  
  92  6:31  Sentry  
  95  6:35  Zealot  
  97  6:43  Probe x2  
  96  6:52  Zealot  
  96  6:53  Zealot x5  
  108  6:55  Pylon  
  108  6:56  Pylon  
  108  6:59  Probe  
  108  7:00  Probe  
  109  7:05  Probe  
  108  7:15  Zealot x7  
  108  7:16  Zealot  
  122  7:37  Protoss Ground Armor Level 1 (Chrono Boost)  
  122  7:43  Zealot x9  
  122  7:46  Probe (Chrono Boost)  
  122  7:51  Probe (Chrono Boost)  
  125  7:53  Templar Archives  
  125  7:54  Probe (Chrono Boost)  
  125  7:59  Pylon, Probe (Chrono Boost)  
  125  8:00  Pylon x2  
  125  8:01  Probe x2 (Chrono Boost)  
  104  8:11  Probe (Chrono Boost)  
  104  8:12  Zealot x5  
  83  8:24  Probe x2 (Chrono Boost)  
  83  8:25  Probe (Chrono Boost)  
  84  8:30  High Templar  
  84  8:31  High Templar x2, Probe (Chrono Boost)  
  84  8:32  High Templar  
  84  8:33  Probe x2 (Chrono Boost)  
  95  8:35  Archon  
  95  8:36  Archon, Nexus  
  95  8:38  Pylon, Probe  
  95  8:39  High Templar, Sentry x2  
  95  8:40  High Templar, Zealot  
  106  8:46  Archon  
  106  8:48  Probe  
  106  8:54  Gateway  
  107  8:55  Gateway  
  107  9:01  Robotics Facility  
  107  9:04  Zealot x7  
  107  9:09  High Templar x2  
  125  9:21  Archon, Probe  
  125  9:23  Probe  
  127  9:25  Zealot x5  
  127  9:26  Stalker  
  127  9:28  Probe  
  140  9:33  Probe  
  140  9:35  Probe  
  140  9:36  Protoss Ground Weapons Level 1 (Chrono Boost)  
  140  9:41  Probe  
  140  9:45  Probe  
  142  9:48  Assimilator  
  142  9:52  High Templar x2, Assimilator, Zealot x3  
  150  9:53  Zealot  
  150  9:58  Archon  
  150  9:59  Pylon  
  147  10:00  Observer  
  147  10:01  Zealot x3  
  147  10:03  Zealot  
  147  10:04  Pylon  
  143  10:15  Zealot x4  
  143  10:19  Zealot x4  
  143  10:21  Immortal  
  153  10:23  Pylon  
  153  10:26  Zealot x5  
  156  10:42  Zealot x5  
  141  10:43  Probe  
  141  10:45  Probe  
  141  10:49  Robotics Bay  
  143  10:51  Robotics Facility, Shield Battery  
  143  10:54  Shield Battery  
  143  10:55  Zealot x3, Sentry x2  
  141  11:02  Immortal  
  139  11:06  Pylon  
  139  11:08  Zealot  
  139  11:09  Zealot x3  
  139  11:13  Probe  
  138  11:27  High Templar  
  138  11:28  High Templar x3  
  138  11:29  High Templar x3  
  138  11:30  Zealot x3  
  158  11:33  Archon x3  
  115  11:50  Zealot x3  
Show
View Real Time Build Order
Export as new Build Order

HeroMarine Terran - Winner!

Build Orders: Reaper Expand 

Get SALT Encoding   

  12  0:00  SCV  
  13  0:12  SCV  
  14  0:16  Supply Depot  
  14  0:24  SCV  
  15  0:38  SCV  
  15  0:39  Barracks  
  16  0:42  Refinery  
  16  0:50  SCV  
  17  1:02  SCV  
  18  1:14  SCV  
  19  1:27  Orbital Command, Reaper  
  20  1:41  Command Center  
  20  1:52  SCV  
  21  1:54  Supply Depot  
  21  1:59  Marine  
  22  2:05  SCV  
  23  2:09  Factory  
  23  2:14  Refinery  
  23  2:17  SCV  
  23  2:21  Barracks Reactor  
  24  2:28  Bunker  
  24  2:29  SCV  
  25  2:41  SCV  
  26  2:53  SCV  
  26  2:54  Orbital Command  
  26  2:55  Widow Mine  
  29  2:58  Starport  
  29  3:04  Marine  
  30  3:05  SCV  
  30  3:07  Marine  
  32  3:18  SCV  
  35  3:20  SCV  
  35  3:23  Marine  
  35  3:25  Marine, Factory Tech Lab  
  36  3:30  SCV, Supply Depot  
  36  3:32  SCV  
  38  3:41  Marine  
  38  3:42  SCV  
  38  3:43  Marine  
  38  3:44  SCV  
  38  3:47  Raven  
  44  3:49  Factory Tech Lab  
  44  3:54  SCV  
  45  3:56  SCV  
  45  3:59  Marine, Supply Depot  
  45  4:01  Marine  
  48  4:06  SCV  
  48  4:08  SCV  
  47  4:11  Cyclone  
  49  4:18  SCV  
  49  4:20  SCV  
  49  4:22  Command Center  
  51  4:30  SCV  
  51  4:31  Barracks  
  51  4:32  Marine  
  51  4:33  SCV, Marine  
  54  4:42  SCV, Viking  
  54  4:45  Supply Depot, SCV  
  58  4:54  SCV, Barracks  
  58  4:56  Marine x2  
  58  4:57  SCV  
  62  5:03  Engineering Bay  
  62  5:06  Siege Tank, SCV  
  66  5:09  SCV  
  66  5:12  Supply Depot  
  67  5:18  SCV  
  67  5:19  Marine x2  
  70  5:21  SCV  
  69  5:31  SCV  
  69  5:33  Stimpack  
  69  5:34  SCV  
  69  5:35  Supply Depot, Refinery, Terran Infantry Weapons Level 1  
  71  5:37  Refinery, Orbital Command  
  71  5:38  Starport Reactor  
  71  5:43  SCV  
  71  5:46  SCV  
  71  5:47  Factory Reactor  
  71  5:49  Marine x2  
  72  5:51  Missile Turret  
  72  5:55  SCV  
  72  5:56  Orbital Command  
  75  5:58  SCV, Marauder  
  77  6:06  Missile Turret  
  77  6:07  SCV, Barracks x2  
  77  6:10  SCV  
  79  6:13  Combat Shield  
  79  6:15  Marauder  
  81  6:19  SCV, Marauder  
  81  6:22  SCV  
  81  6:23  Supply Depot  
  81  6:24  SCV  
  86  6:31  SCV  
  86  6:32  Supply Depot  
  87  6:33  Supply Depot  
  87  6:34  SCV  
  87  6:36  Marauder, Missile Turret, Marine x2  
  87  6:37  SCV  
  93  6:41  Marauder  
  93  6:43  SCV  
  93  6:46  SCV  
  92  6:49  Widow Mine x2, Medivac  
  92  6:50  SCV  
  98  6:55  Barracks Tech Lab, Medivac, SCV  
  98  6:56  Barracks Reactor  
  98  6:58  SCV  
  98  7:00  Marauder  
  104  7:02  SCV, Marauder  
  104  7:03  Marine x2  
  104  7:07  Supply Depot  
  109  7:09  SCV  
  109  7:10  SCV  
  109  7:12  Supply Depot  
  109  7:14  SCV, Marauder  
  113  7:20  Widow Mine x2  
  113  7:21  Marine x2, SCV  
  113  7:22  Concussive Shells, SCV  
  120  7:27  Marauder  
  120  7:28  SCV  
  120  7:29  Terran Infantry Armor Level 1  
  124  7:34  Marauder  
  124  7:36  Marauder  
  121  7:38  SCV  
  121  7:39  SCV  
  121  7:40  Marine x2, SCV  
  121  7:41  Marine  
  118  7:49  Marauder  
  118  7:51  SCV x2, Marine  
  122  7:53  Medivac  
  122  7:55  Marine, Medivac  
  122  7:57  SCV  
  114  8:06  Marauder  
  114  8:07  Marine  
  114  8:10  Marauder  
  114  8:12  Marine  
  106  8:13  Widow Mine, Marauder  
  106  8:14  Widow Mine  
  106  8:17  Marine  
  104  8:20  SCV x3  
  104  8:23  Refinery  
  104  8:26  Armory  
  108  8:27  Marauder  
  108  8:28  Marine, Engineering Bay  
  108  8:31  Marine x2, Refinery  
  108  8:32  SCV, Marauder  
  108  8:33  SCV x2  
  116  8:39  Marauder  
  116  8:41  Widow Mine x2  
  122  8:42  Medivac  
  122  8:45  Medivac  
  129  8:48  Marauder  
  129  8:49  Marine x3, Ghost Academy  
  129  8:53  Marauder  
  129  8:54  Supply Depot  
  133  8:58  Marine  
  133  9:00  Bunker  
  133  9:01  Marauder  
  136  9:03  Supply Depot  
  136  9:08  Command Center  
  136  9:13  SCV x3  
  137  9:17  Terran Infantry Weapons Level 2  
  137  9:24  Terran Infantry Armor Level 2  
  137  9:26  Widow Mine x2, Medivac x2  
  137  9:27  Marauder x2  
  137  9:29  Marine x2  
  137  9:30  Marine  
  152  9:32  Marauder  
  152  9:33  Marine  
  155  9:38  Terran Ship Weapons Level 1  
  155  9:41  Enhanced Shockwaves  
  153  9:47  Marine x3  
  153  9:48  Marine  
  157  9:54  Widow Mine x2, Supply Depot, Marauder  
  161  10:05  Ghost  
  161  10:06  Ghost  
  165  10:11  Barracks  
  165  10:12  Barracks  
  165  10:14  Barracks  
  165  10:15  Marine x4  
  165  10:16  Marauder  
  171  10:22  SCV x3  
  171  10:27  Widow Mine x2, Medivac x2  
  182  10:33  Marine x3  
  182  10:34  Marine  
  182  10:35  Marauder  
  187  10:36  Marauder  
  187  10:40  Marauder  
  179  10:45  SCV x3  
  182  10:52  Widow Mine  
  182  10:53  Widow Mine  
  182  10:56  Marauder  
  182  10:57  Medivac x2  
  177  11:00  Marauder, Marine x2  
  177  11:03  Marine x2  
  178  11:06  Marauder  
  178  11:12  Barracks Reactor  
  178  11:13  Barracks Tech Lab  
  178  11:14  Barracks Tech Lab  
  178  11:16  Planetary Fortress  
  178  11:17  Marine  
  178  11:18  Missile Turret, Marine x2  
  179  11:21  Marine  
  179  11:22  Marauder  
  179  11:23  Marine  
  185  11:27  Marauder  
  185  11:31  Refinery x2  
  187  11:32  Command Center  
  187  11:35  Marine  
  187  11:43  Marine  
Tags
 
Add a new tag
Caveats
  • Supply blocks, unpowered buildings, or Contaminate may cause inaccurate times.
  • Supply counts are checked every 10 seconds.